 Dungeon Crawl Stone Soup version 0.30.1-9-gdf580d7c3d (webtiles) character file.

Game seed: 14436933396856875732

1197 Woods the Magician (level 8, 40/44 HPs)
             Began as a Deep Elf Conjurer on Sept 8, 2023.
             Was an Initiate of Vehumet.
             Quit the game on level 6 of the Dungeon on Oct 18, 2023.
             The game lasted 00:15:35 (7096 turns).

Woods the Magician (Deep Elf Conjurer)              Turns: 7096, Time: 00:15:36

Health: 40/44      AC:  3    Str:  4    XL:     8   Next: 20%
Magic:  18/21      EV: 14    Int: 26    God:    Vehumet [......]
Gold:   274        SH:  0    Dex: 13    Spells: 11/22 levels left

rFire   . . .        (no weapon)
rCold   . . .        (no shield)
rNeg    . . .        a - +0 robe
rPois   .            (no helmet)
rElec   .            o - +0 cloak
rCorr   .            (no gloves)
SInv    .            (no boots)
Will    .....        (no amulet)
Stlth   +++          (no ring)
HPRegen 0.27/turn    (no ring)
MPRegen 0.17/turn

%: no passive effects
@: no status effects
A: no striking features
a: Renounce Religion


You were on level 6 of the Dungeon.
You worshipped Vehumet.
Vehumet was noncommittal.
You visited 2 branches of the dungeon, and saw 7 of its levels.

You collected 274 gold pieces.

Inventory:

Missiles
 z - a throwing net
Armour
 a - a +0 robe (worn)
 f - an orb of guile
 o - a +0 cloak (worn)
Jewellery
 v - an amulet of faith
 x - a ring of magical power
 B - a ring of see invisible
Wands
 s - a wand of mindburst (7)
 w - a wand of roots (6)
 D - a wand of charming (9)
Scrolls
 c - 2 scrolls of enchant weapon {unknown}
 d - 9 scrolls of identify {unknown}
 e - 3 scrolls of poison {unknown}
 h - a scroll of fear {unknown}
 i - a scroll of fog {unknown}
 j - 2 scrolls of teleportation {unknown}
 l - a scroll of vulnerability {unknown}
 r - a scroll of noise {unknown}
 t - a scroll of blinking {unknown}
 y - a scroll of summoning {unknown}
 E - a scroll of magic mapping {unknown}
Potions
 b - 2 potions of magic
 g - 2 potions of heal wounds {unknown}
 k - a potion of might {unknown}
 m - a potion of cancellation {unknown}
 n - a potion of flight {unknown}
 p - a potion of mutation {unknown}
 q - a potion of degeneration {unknown}
 u - a potion of resistance {unknown}
 A - a potion of invisibility {unknown}
 C - a potion of haste {unknown}
 F - a potion of curing {unknown}


   Skills:
 * Level 2.2 Fighting
 + Level 5.6 Dodging
 + Level 5.7 Stealth
 + Level 7.6 Spellcasting
 - Level 7.0 Conjurations


You had 11 spell levels left.
You knew the following spells:

 Your Spells              Type           Power      Damage    Failure   Level
a - Magic Dart            Conj           100%       1d8       1%          1
b - Searing Ray           Conj           92%        2d7       1%          2
c - Fulminant Prism       Conj/Hex       14%        3d9       14%         4
d - Iskenderun's Mystic   Conj/Tloc      28%        2d7       14%         4

Your spell library contained the following spells:

 Spells                   Type           Power      Damage    Failure   Level
 Dazzling Flash           Conj/Hex       56%        N/A       4%          3
 Apportation              Tloc           18%        N/A       6%          1
 Call Canine Familiar     Summ           9%         N/A       19%         3
 Portal Projectile        Hex/Tloc       18%        N/A       19%         3
 Volatile Blastmotes      Fire/Tloc      18%        2d11      19%         3
 Leda's Liquefaction      Hex/Erth       4%         N/A       52%         4
 Alistair's Intoxication  Tmut/Pois      6%         N/A       86%         5
 Lee's Rapid Deconstruct  Erth           4%         3d5*      86%         5


Dungeon Overview and Level Annotations

Branches:
Dungeon (6/15)             Temple (1/1) D:4

Altars:
Ashenzari
Cheibriados
Dithmenos
Elyvilon
Fedhas
Gozag
Hepliaklqana
Kikubaaqudgha
Makhleb
Nemelex Xobeh
Okawaru
Qazlal
Ru
Sif Muna
Trog
Uskayaw
Vehumet
Wu Jian
Xom
Yredelemnul
The Shining One


Message History

The black bear is heavily wounded.
The black bear barely misses you. The black bear claws you. x2
The searing ray hits the black bear.
The black bear is heavily wounded.
The black bear bites you. The black bear barely misses you.
The black bear closely misses you.
The searing ray hits the black bear!
The black bear is almost dead.
You finish channelling your searing ray.
The black bear completely misses you. The black bear claws you.
The black bear misses you.
Casting: Searing Ray (safe; 1% risk of failure)
Confirm with . or Enter, or press ? or * to list all spells.
Aiming: Searing Ray (safe; 1% risk of failure)
Press: ? - help, Shift-Dir - straight line, f/p - black bear
Aim: a black bear (almost dead, 87% to hit)
The searing ray hits the black bear!
You kill the black bear!
Vehumet accepts your kill. (Press . to maintain the ray.)
Your Fighting skill increases to level 2!
Found 3 stones.
F - a fizzy pink potion An orc warrior is nearby!
An orc warrior is nearby!
An orc warrior is nearby!
An orc warrior is nearby!
Aiming: Magic Dart (safe; 1% risk of failure)
Press: ? - help, Q - select action, (/) - cycle Shift-Dir - straight line, f - orc warrior
Aim: an orc warrior, wielding a +0 mace and wearing a +0 chain mail (wandering, hasn't noticed you, 100% to hit)
The magic dart hits the orc warrior but does no damage.
The orc warrior shouts!
Casting: Magic Dart (safe; 1% risk of failure)
Confirm with . or Enter, or press ? or * to list all spells.
You can't see any susceptible monsters within range! (Use Z to cast anyway.) Saving game... please wait.
Welcome back, Woods the Deep Elf Conjurer.
Vehumet says: Let it end in hellfire!
Press ? for a list of commands and other information.
Are you sure you want to abandon this character and quit the game? (Confirm with "yes".)

#§§≈......≈.≈##.##
#≈.≈≈≈≈≈≈≈≈.≈#...##
#§.........§§#....##
#≈§≈§≈≈≈§≈≈.§#.....## .
###########'##.......(.
#......# ... ##..#.##
.. ##.#.##.#.##
.#####.@.....o..
..........##.#.#
#.########.......
.#.#... .. # .## .# .#
.#


You could see an orc warrior.

Vanquished Creatures
  Sigmund (D:3)
  A water moccasin (D:5)
  2 black bears
  An ice beast (D:5)
  A centaur (D:6)
  2 scorpions (D:5)
  A bullfrog (D:4)
  2 howler monkeys
  Ijyb (D:4)
  Robin (D:4)
  10 gnolls
  5 adders
  A shadow imp (D:5)
  2 worms
  5 dart slugs
  9 orcs
  5 endoplasms
  3 giant cockroaches
  7 goblins
  6 hobgoblins
  7 jackals
  2 kobolds
  5 quokkas
  8 ball pythons
  7 bats
  6 frilled lizards
  6 rats
107 creatures vanquished.

Vanquished Creatures (others)
  2 fulminant prisms
2 creatures vanquished.

Grand Total: 109 creatures vanquished

Notes
Turn   | Place    | Note
-------+----------+-------------------------------------------
     0 | D:1      | Woods the Deep Elf Conjurer began the quest for the Orb.
     0 | D:1      | Reached XP level 1. HP: 10/10 MP: 6/6
   353 | D:1      | Reached XP level 2. HP: 15/15 MP: 2/8
   356 | D:1      | Learned a level 2 spell: Searing Ray
  1327 | D:2      | Reached XP level 3. HP: 19/19 MP: 7/10
  2142 | D:2      | Reached XP level 4. HP: 24/24 MP: 8/11
  2320 | D:3      | Learned a level 4 spell: Fulminant Prism
  2357 | D:3      | Noticed Sigmund
  2527 | D:3      | Found a faded altar of an unknown god.
  2661 | D:3      | Reached skill level 5 in Conjurations
  3349 | D:3      | Reached XP level 5. HP: 28/28 MP: 9/13
  3769 | D:4      | Found a hazy altar of Hepliaklqana.
  3769 | D:4      | Found a staircase to the Ecumenical Temple.
  4053 | D:4      | Reached XP level 6. HP: 30/32 MP: 6/15
  4119 | D:4      | Learned a level 4 spell: Iskenderun's Mystic Blast
  4148 | D:4      | Found an ancient bone altar of Kikubaaqudgha.
  4192 | D:4      | Noticed Ijyb
  4397 | D:4      | Killed Ijyb
  4398 | D:4      | Reached skill level 5 in Spellcasting
  4599 | D:4      | Noticed Robin
  4602 | D:4      | Killed Robin
  5022 | D:5      | Entered Level 5 of the Dungeon
  5051 | D:5      | Noticed an ice beast
  5142 | Temple   | Entered the Ecumenical Temple
  5223 | Temple   | Became a worshipper of Vehumet
  5358 | D:5      | Reached skill level 5 in Stealth
  5452 | D:5      | Killed an ice beast
  5453 | D:5      | Reached skill level 5 in Dodging
  5453 | D:5      | Reached XP level 7. HP: 36/36 MP: 5/18
  6722 | D:6      | Reached skill level 1 in Fighting
  6856 | D:3      | Killed Sigmund
  6857 | D:3      | Reached XP level 8. HP: 20/44 MP: 11/21
  7096 | D:6      | Upgraded the game from 0.30.1-4-g462c640d31 to
                  | 0.30.1-9-gdf580d7c3d
  7096 | D:6      | Quit the game

Illustrated notes

Levels and vault maps discovered:
D:1:      kennysheep_arrival_seaside, layout_loops_ring, serial_glass,
          glass_columns_b, glass_columns_b, serial_bayou_ford_a
D:2:      layout_basic
D:3:      layout_basic, hellmonk_ecumenical_altar_lost_god, chequers_garden,
          nicolae_elevator_lobby_asterisk, uniq_sigmund
D:4:      layout_layer_cave, mainiacjoe_overflow_catch_the_wave,
          minmay_temple_entry_overgrown, nicolae_goblin_pals
D:5:      layout_loops_corners
D:6:      layout_loops_ring, minmay_misc_feat_chi, kennysheep_small_spiral,
          uniq_pikel, uniq_prince_ribbit1
Temple:   nicolae_temple_bog_church

Skill      XL: |  1  2  3  4  5  6  7  8 |
---------------+-------------------------+-----
Stealth        | 3 4 5 |  5.7
Dodging        | 3 4 5 |  5.6
Spellcasting   | 4 6 7 |  7.6
Conjurations   | 5 6 7 |  7.0
Fighting       | 1 2 |  2.2

Action                     |  1- 3 |  4- 6 |  7- 9 || total
---------------------------+-------+-------+-------++-------
  Melee: Unarmed           |     3 |     1 |       ||     4
   Cast: Magic Dart        |    67 |    97 |    23 ||   187
         Searing Ray       |     1 |    15 |    15 ||    31
         Fulminant Prism   |       |     1 |     1 ||     2
 Armour: Robe              |       |     5 |     4 ||     9
  Dodge: Dodged            |     5 |    20 |    23 ||    48
